 Dungeon Crawl Stone Soup version 0.32-a0-898-g7811c86cf0 (webtiles) character file.

Game seed: 1709087853667666492

2912 Griffin23 the Carver (level 9, -1/81 (82) HPs)
             Began as a Minotaur Fighter on Apr 4, 2024.
             Was a Follower of Yredelemnul.
             Slain by a yak (9 damage)
             ... on level 7 of the Dungeon.
             The game lasted 00:09:40 (7613 turns).

Griffin23 the Carver (Minotaur Fighter)             Turns: 7613, Time: 00:09:41

HP:   -1/81 (82)    AC: 13    Str: 25    XL:     9   Next: 49%
MP:   8/8           EV:  6    Int:  5    God:    Yredelemnul [*.....]
Gold: 313           SH:  5    Dex: 10    Spells: 8/8 levels left

rFire   . . .        a - +0 long sword
rCold   . . .        c - +1 buckler
rNeg    . . .        A - +0 plate armour
rPois   .            (helmet restricted)
rElec   .            (no cloak)
rCorr   .            (no gloves)
SInv    +            (no boots)
Will    .....        j - amulet of magic regeneration Stlth
                     g - ring of see invisible
HPRegen 0.33/turn    m - ring of wizardry
MPRegen 0.51/turn

%: wizardry (x1)
@: wreathed by umbra, studying Dodging, lightly drained
A: horns 2, retaliatory headbutt
a: Renounce Religion, Light the Black Torch, Recall Undead Harvest


You were on level 7 of the Dungeon.
You worshipped Yredelemnul.
Yredelemnul was noncommittal.
You visited 1 branch of the dungeon, and saw 8 of its levels.

You collected 313 gold pieces.

Inventory:

Hand Weapons
 a - a +0 long sword (weapon)
Armour
 b - a +0 scale mail
 c - a +1 buckler (worn)
 i - a +0 chain mail
 A - a +0 plate armour (worn)
Jewellery
 g - a ring of see invisible (left hand)
 j - an amulet of magic regeneration (around neck)
 m - a ring of wizardry (right hand)
Wands
 p - a wand of roots (7)
Scrolls
 e - a scroll of amnesia
 q - a scroll of silence {unknown}
 r - 5 scrolls of identify
 u - a scroll of fear {unknown}
 v - a scroll of noise {unknown}
 y - 2 scrolls of vulnerability
 B - a scroll of teleportation {unknown}
Potions
 f - 4 potions of heal wounds {unknown}
 h - 3 potions of curing
 k - 2 potions of lignification {unknown}
 l - 2 potions of brilliance {unknown}
 n - 2 potions of enlightenment {unknown}
 o - a potion of attraction {unknown}
 s - a potion of degeneration {unknown}
 t - a potion of magic {unknown}
 w - a potion of mutation {unknown}
 x - a potion of resistance {unknown}
 z - 2 potions of haste {unknown}


   Skills:
 + Level 8.7 Fighting
 * Level 11.3 Long Blades
 + Level 8.6 Armour
 - Level 4.0 Shields


You had 8 spell levels left.
You didn't know any spells.
Your spell library contained the following spells:

 Spells                   Type           Power      Damage    Failure   Level
 Call Imp                 Summ           0%         N/A       98%         2
 Cigotuvi's Dreadful Rot  Necr/Alch/Air  0%         N/A       98%         2
 Sublimation of Blood     Necr           0%         N/A       98%         2
 Call Canine Familiar     Summ           0%         N/A       100%        3
 Dazzling Flash           Conj/Hex       0%         N/A       100%        3
 Frozen Ramparts          Ice            0%         1d1       100%        3
 Mephitic Cloud           Conj/Alch/Air  0%         N/A       100%        3
 Ozocubu's Armour         Ice            0%         N/A       100%        3
 Sigil of Binding         Hex            0%         N/A       100%        3
 Dimensional Bullseye     Hex/Tloc       0%         N/A       100%        4
 Dispel Undead            Necr           0%         3d6       100%        4
 Martyr's Knell           Necr/Summ      0%         N/A       100%        4
 Petrify                  Alch/Erth      0%         N/A       100%        4
 Curse of Agony           Necr           0%         N/A       100%        5
 Irradiate                Conj/Alch      0%         3d11      100%        5
 Metabolic Englaciation   Hex/Ice        0%         N/A       100%        5
 Silence                  Hex/Air        0%         N/A       100%        5
 Summon Hydra             Summ           0%         N/A       100%        7


Dungeon Overview and Level Annotations

Branches:
Dungeon (8/15)             Temple (0/1) D:7
   Lair: D:8-11

Altars:
Makhleb
Uskayaw
Yredelemnul

Shops:
D:1 !


Innate Abilities, Weirdness & Mutations

You have a pair of horns on your head.
You reflexively headbutt those who attack you in melee.


Message History

The yak closely misses you. The yak barely misses you.
You hit the yak.
The yak is moderately wounded.
The yak gores you but does no damage. The yak closely misses you.
You hit the yak but do no damage. You headbutt the yak.
The yak is heavily wounded.
The yak barely misses you. x2; You furiously retaliate!
You headbutt the yak! You hit the yak. You headbutt the yak!
The yak is severely wounded.
You block the yak's attack. The yak gores you!
You barely miss the yak.
The yak is severely wounded.
You block the yak's attack. The yak gores you!
You are too injured to fight recklessly!
You are too injured to fight recklessly!
You are too injured to fight recklessly!
You are too injured to fight recklessly!
You hit the yak but do no damage. You headbutt the yak!
The yak is almost dead.
The yak gores you! x2
* * * LOW HITPOINT WARNING * * *
You hit the yak but do no damage.
The yak is almost dead.
You hit the yak but do no damage.
The yak is almost dead.
The yak gores you.
* * * LOW HITPOINT WARNING * * *
The yak gores you but does no damage.
You hit the yak but do no damage.
The yak is almost dead.
The yak gores you but does no damage. The yak gores you!
* * * LOW HITPOINT WARNING * * *
You hit the yak but do no damage. You headbutt the yak.
The yak is almost dead.
You block the yak's attack. The yak gores you but does no damage.
It was a potion of curing.
You feel better. The yak gores you!
* * * LOW HITPOINT WARNING * * *
The yak gores you!
You die...
Your body rises from the dead as a mindless zombie.

##...####.........##
#.......'.........'.
##...####.........##
##.## ##.......##
#[# ##.....## #z#
#......# #Y#
#.#+##.# #Y#
#.#.##.# #@#
#.#.##.### #Y#
#.#....... ##Y##
#....#.### ##Y#.##
#......#
##.###.#####......##
##.##
##............# #.##
##.Z.Z.#..##.# ##Z##
##..###....##.#
##.###.#.# #.#Z###.#


You could see 5 yaks and a wight.

Vanquished Creatures
  A hornet (D:7)
  Eustachio (D:5)
  A wyvern (D:7)
  5 yaks (D:7)
  Menkaure (D:7)
  An orc warrior (D:6)
  An ice beast (D:7)
  An ogre (D:6)
  A black bear (D:5)
  A centaur (D:5)
  4 phantoms
  A gnoll sergeant (D:7)
  A bullfrog (D:5)
  A scorpion (D:5)
  A centaur zombie (D:4)
  2 bombardier beetles (D:4)
  2 jellies (D:6)
  A hound (D:5)
  A bullfrog skeleton (D:4)
  A sleepcap (D:4)
  Ijyb (D:3)
  An iguana (D:4)
  7 orc wizards
  2 hound zombies (D:4)
  A hound skeleton (D:4)
  A howler monkey zombie (D:4)
  6 gnolls
  10 adders
  3 white imps (D:6)
  An adder zombie (D:4)
  An adder skeleton (D:4)
  4 dart slugs
  14 orcs
  5 endoplasms
  3 giant cockroaches
  6 goblins
  4 hobgoblins
  3 jackals (D:4)
  4 quokkas
  5 ball pythons
  4 bats
  4 frilled lizards
  7 kobolds
  A quokka zombie (D:4)
  7 rats
134 creatures vanquished.

Vanquished Creatures (collateral kills)
  An ice beast (D:7)
  A water moccasin zombie (D:4)
  A scorpion zombie (D:4)
  3 gnolls (D:4)
6 creatures vanquished.

Vanquished Creatures (others)
  4 gnoll zombies (D:7)
  3 orc zombies
7 creatures vanquished.

Grand Total: 147 creatures vanquished

Notes
Turn   | Place    | Note
-------+----------+-------------------------------------------
     0 | D:1      | Griffin23 the Minotaur Fighter began the quest for the Orb.
     0 | D:1      | Reached XP level 1. HP: 19/19 MP: 0/0
   151 | D:1      | Reached XP level 2. HP: 27/27 MP: 1/1
   224 | D:1      | Reached skill level 3 in Long Blades
   367 | D:1      | You fall into a shaft and drop 1 floor!
   393 | D:1      | Found Doicosch's Distillery.
   449 | D:1      | Reached XP level 3. HP: 33/33 MP: 2/2
   842 | D:2      | Identified the +0 robe of Skepticism {Fly SInv}
  1030 | D:2      | Reached XP level 4. HP: 34/40 MP: 3/3
  1304 | D:2      | Found a faded altar of an unknown god.
  1855 | D:3      | Reached skill level 4 in Long Blades
  1962 | D:3      | Noticed Ijyb
  1974 | D:3      | Killed Ijyb
  2424 | D:4      | Reached XP level 5. HP: 22/47 MP: 4/4
  2426 | D:4      | Reached skill level 5 in Long Blades
  2546 | D:4      | Reached skill level 5 in Fighting
  2546 | D:4      | Reached skill level 5 in Armour
  2615 | D:4      | Reached XP level 6. HP: 36/56 MP: 5/5
  2893 | D:4      | Reached skill level 6 in Long Blades
  2952 | D:4      | Identified the +9 spear of the Cardinal {drain, Str+3
                  | Dex+2}
  3185 | D:4      | Reached XP level 7. HP: 37/62 MP: 6/6
  3471 | D:4      | Reached skill level 7 in Long Blades
  3699 | D:5      | Entered Level 5 of the Dungeon
  3942 | D:5      | Reached skill level 8 in Long Blades
  4028 | D:5      | Reached XP level 8. HP: 71/71 MP: 7/7
  4243 | D:5      | Noticed Eustachio
  4261 | D:5      | Killed Eustachio
  4537 | D:2      | Prayed at the altar of an unknown god.
  4537 | D:2      | Became a worshipper of Yredelemnul the Fallen
  4537 | D:2      | Reached * piety under Yredelemnul
  4821 | D:6      | Reached skill level 9 in Long Blades
  5110 | D:6      | Found a burning altar of Makhleb.
  5186 | D:6      | Found a hide-covered altar of Uskayaw.
  6489 | D:7      | Reached skill level 10 in Long Blades
  6560 | D:7      | Identified the +3 whip "Irea" {holy, rF+ Dex+3 Stlth+}
  6799 | D:7      | Noticed a hornet
  6809 | D:7      | Killed a hornet
  6810 | D:7      | Reached XP level 9. HP: 59/81 MP: 8/8
  7108 | D:7      | Found a staircase to the Ecumenical Temple.
  7117 | D:7      | Noticed Menkaure
  7140 | D:7      | Reached skill level 11 in Long Blades
  7141 | D:7      | Killed Menkaure
  7613 | D:7      | Slain by a yak

Illustrated notes

Levels and vault maps discovered:
D:1:      tarquinn_simple_flora_water_b, layout_rooms, serial_shops, shop,
          minmay_tree_intersection, grunt_decor_one_mirror
D:2:      minmay_angry_zag, layout_basic, dreamdust_ecumenical_altar_grove,
          patterned_corridor
D:3:      layout_loops_ring, uniq_ijyb
D:4:      layout_loops_cross, serial_undead, serial_undead_d, serial_undead_e,
          serial_undead_f, serial_undead_e, serial_undead_b, serial_undead_d
D:5:      layout_basic, portal_sewer_entry_d, uniq_eustachio
D:6:      layout_cave_pods, nicolae_uskayaw_murder_on_the_dancefloor,
          bloody_makhleb, minmay_diced_spiral
D:7:      layout_loops_corners, minmay_temple_entry_slanted, grunt_ministairs_6,
          uniq_menkaure
D:8:      layout_loops_ring, lemuel_doored_altar, lair_entry_dummy, uniq_erica,
          uniq_psyche

Skill      XL: |  1  2  3  4  5  6  7  8  9 |
---------------+----------------------------+-----
Long Blades    | 3 4 5 6 8 10 11 | 11.3
Fighting       | 4 5 6 8 |  8.7
Shields        | 4 |  4.0
Armour         | 4 5 6 8 |  8.6

Action                     |  1- 3 |  4- 6 |  7- 9 || total
---------------------------+-------+-------+-------++-------
  Melee: Long sword        |    96 |   146 |   294 ||   536
         Headbutt          |    11 |    29 |    68 ||   108
    Use: Scroll            |       |     4 |     1 ||     5
         Potion            |       |       |     2 ||     2
 Armour: Scale mail        |    47 |       |       ||    47
         Chain mail        |    29 |   184 |   113 ||   326
         Plate armour      |       |       |   145 ||   145
  Dodge: Dodged            |    51 |    60 |    89 ||   200
  Block: Buckler           |    22 |    51 |    87 ||   160

Table legend: (Time is in decaauts)
 A = Elapsed time spent in this place.
 B = Non-inter-level travel time spent in this place.
 C = Inter-level travel time spent in this place.
 D = Time resting spent in this place.
 E = Time spent auto-exploring this place.
 F = Levels seen in this place.
 G = Mean time per level.
                   A        B        C        D        E       F      G
               +--------+--------+--------+--------+--------+-----+--------+
         Total |   7676 |   7178 |    498 |    431 |   5637 |   8 |  959.5 |
       Dungeon |   7676 |   7178 |    498 |    431 |   5637 |   8 |  959.5 |
               +--------+--------+--------+--------+--------+-----+--------+

Top non-repeatable levels by time:
     D:6: 1443 daAuts
     D:4: 1383 daAuts
     D:7: 1380 daAuts
     D:2: 1060 daAuts
     D:5: 991 daAuts
     D:3: 769 daAuts
     D:1: 643 daAuts
     D:8: 4 daAuts
